 Dungeon Crawl Stone Soup version 0.25-a0-632-g7713895373 (webtiles) character file.

Game seed: 7727620975234088709, levelgen mode: deterministic

751 Eurus the Conjurer (level 7, -3/48 HPs)
             Began as a Mummy Conjurer on Mar 19, 2020.
             Slain by an orc wizard
             ... wielding a +0 dagger
              (5 damage)
             ... on level 5 of the Dungeon.
             The game lasted 00:10:52 (4162 turns).

Eurus the Conjurer (Mummy Conjurer)                 Turns: 4162, Time: 00:10:53

Health: -3/48      AC:  2    Str: 11    XL:     7   Next: 49%
Magic:  1/16       EV: 12    Int: 18    God:
Gold:   191        SH:  0    Dex: 13    Spells: 11/18 levels left

rFire    . . .     SeeInvis .   b - +0 short sword
rCold    + + .     Gourm    .   (no shield)
rNeg     + + +     Faith    .   a - +0 robe
rPois    ∞         Spirit   .   (no helmet)
rElec    .         Reflect  .   k - scarf {rC+ rF+}
rCorr    .         Harm     .   (no gloves)
MR       .....                  (no boots)
Stlth    ++........             (no amulet)
HPRegen  0.16/turn              f - +2 ring of intelligence
MPRegen  0.15/turn              (no ring)

@: no status effects
A: no food or potions, fire vulnerability, cold resistance 1, negative energy
resistance 3, torment resistance, unbreathing
a: no special abilities


You were on level 5 of the Dungeon.
You were not hungry.

You visited 1 branch of the dungeon, and saw 5 of its levels.
You also visited: Sewer.

You collected 191 gold pieces.

Inventory:

Hand Weapons
 b - a +0 short sword (weapon)
 o - a +2 trident of protection
Armour
 a - a +0 robe (worn)
 j - a +0 leather armour
 k - a scarf of resistance (worn)
Magical Staves
 e - an uncursed staff of energy
Jewellery
 f - a +2 ring of intelligence (left hand)
 h - a cursed amulet of inaccuracy {unknown}
 m - an uncursed ring of fire {unknown}
Scrolls
 c - a scroll of enchant weapon {unknown}
 d - 3 scrolls of identify
 g - a scroll of immolation
 i - a scroll of fog {unknown}
 l - a scroll of remove curse
 n - a scroll of magic mapping {unknown}


   Skills:
 + Level 1.3 Fighting
 - Level 1.5 Dodging
 - Level 1.5 Stealth
 + Level 6.0 Spellcasting
 * Level 6.4 Conjurations
 + Level 1.0 Translocations


You had 11 spell levels left.
You knew the following spells:

 Your Spells              Type           Power        Failure   Level  Hunger
a - Magic Dart            Conj           ####         1%          1    N/A
b - Searing Ray           Conj           ####..       1%          2    N/A
c - Iskenderun's Mystic   Conj/Tloc      ###.....     26%         4    N/A

Your spell library contained the following spells:

 Spells                   Type           Power        Failure   Level  Hunger
 Dazzling Flash           Conj/Hex       ###...       10%         3    N/A
 Sting                    Tmut/Pois      #...         12%         1    N/A
 Mephitic Cloud           Conj/Pois/Air  ##......     16%         3    N/A
 Poisonous Vapours        Pois/Air       #.....       19%         2    N/A
 Fulminant Prism          Conj/Hex       ###.......   32%         4    N/A
 Ignite Poison            Fire/Tmut/Pois #.......     34%         3    N/A
 Olgreb's Toxic Radiance  Pois           #.......     75%         4    N/A

Dungeon Overview and Level Annotations

Branches:
Dungeon (5/15)              Sewer (visited)
 Temple: D:4-7

Altars:
Gozag
Kikubaaqudgha
Makhleb
Ru
Sif Muna
Trog
Vehumet
Xom

Annotations:
D:3 exclusion: downstairs


Innate Abilities, Weirdness & Mutations

You do not eat or drink.
Your flesh is vulnerable to fire.
You are immune to poison.
Your flesh is cold resistant. (rC+)
You are immune to negative energy. (rN+++)
You are immune to unholy pain and torment.
You can survive without breathing.


Message History

Casting: Searing Ray (safe; 1% risk of failure)
Confirm with . or Enter, or press ? or * to list all spells.
Aiming: Searing Ray (safe; 1% risk of failure)
Press: ? - help, Shift-Dir - straight line, f - orc wizard
Aim: an orc wizard, wielding a +0 dagger and wearing a cursed +0 robe (lightly wounded)
The searing ray hits the orc wizard.
The orc wizard is heavily wounded. (Press . to maintain the ray.)
The orc wizard hits you with a +0 dagger.
* * * LOW HITPOINT WARNING * * *
Without enough magic to sustain it, your searing ray dissipates.
The orc wizard hits you with a +0 dagger.
* * * LOW HITPOINT WARNING * * *
You hit the orc wizard.
The orc wizard is almost dead.
The orc wizard barely misses you.
You hit the orc wizard but do no damage.
The orc wizard is almost dead.
The orc wizard hits you with a +0 dagger.
You die...

# #.#########.............
# #..).....##.............
##########.##.............
..†......................>
#########..##............#
# ##.##............# #
#..#########.#### #
#..####### .# # #..).)o@.#
.# ##..####)# ##.# ...
######o.# ##.# .........#
.# ######.........# #
.....#.........# ......#
###..# #.##..# ..o


You could see an orc wizard.

Vanquished Creatures
  A crocodile (Sewer)
  2 scorpions
  A howler monkey (D:5)
  2 hounds (D:4)
  4 orc priests
  A centaur skeleton (D:5)
  4 orc wizards
  2 worker ants
  A gnoll (D:1)
  6 adders
  A shadow imp (D:5)
  An ooze (D:4)
  An adder skeleton (D:5)
  3 dart slugs
  5 leopard geckos
  15 orcs
  4 giant cockroaches
  10 goblins
  5 hobgoblins
  4 jackals
  6 kobolds
  A quokka (D:2)
  5 bats
  6 frilled lizards
  A giant cockroach zombie (D:5)
  7 rats
99 creatures vanquished.

Notes
Turn   | Place    | Note
-------+----------+-------------------------------------------
     0 | D:1      | Eurus the Mummy Conjurer began the quest for the Orb.
     0 | D:1      | Reached XP level 1. HP: 13/13 MP: 4/4
   211 | D:1      | Reached XP level 2. HP: 16/19 MP: 4/6
   215 | D:1      | Learned a level 2 spell: Searing Ray
   533 | D:1      | Reached XP level 3. HP: 24/24 MP: 4/7
  1343 | D:2      | Reached XP level 4. HP: 24/30 MP: 1/9
  1414 | D:2      | Found a bloodstained altar of Trog.
  1425 | D:2      | Found a shimmering altar of Xom.
  1425 | D:2      | Found an opulent altar of Gozag.
  1425 | D:2      | Found a burning altar of Makhleb.
  1425 | D:2      | Found an ancient bone altar of Kikubaaqudgha.
  2115 | D:3      | Found a radiant altar of Vehumet.
  2152 | D:3      | Reached XP level 5. HP: 35/35 MP: 5/11
  2203 | D:3      | Found a shimmering blue altar of Sif Muna.
  2284 | D:3      | Found a glowing drain.
  2293 | Sewer    | Entered a sewer
  2457 | Sewer    | Noticed a crocodile
  2484 | Sewer    | Killed a crocodile
  2484 | Sewer    | Reached skill level 5 in Conjurations
  2693 | D:3      | Found a sacrificial altar of Ru.
  2809 | D:3      | Reached XP level 6. HP: 41/41 MP: 9/13
  2812 | D:3      | Reached skill level 5 in Spellcasting
  3539 | D:4      | Reached XP level 7. HP: 36/46 MP: 13/15
  3548 | D:4      | Learned a level 4 spell: Iskenderun's Mystic Blast
  3746 | D:5      | Entered Level 5 of the Dungeon
  4056 | D:5      | Reached skill level 1 in Fighting
  4145 | D:5      | Reached skill level 1 in Translocations
  4160 | D:5      | HP: 1/48 [orc wizard/+0 dagger (4)]
  4162 | D:5      | Slain by an orc wizard

Levels and vault maps discovered:
D:1:      mrwooster_arrival_statue, layout_loops_ring, moated_statue
D:2:      layout_rooms, minitemple
D:3:      cheibrodos_pilgrimage, layout_rooms, led_sif_book, vehumet_crystals,
          nicolae_ru_path_of_blood, portal_sewer_entry_f, chequers_arboretum
D:4:      layout_loops_cross
D:5:      layout_basic, first_ration

Skill      XL: |  1  2  3  4  5  6  7 |
---------------+----------------------+-----
Spellcasting   | 3 4 5 6 |  6.0
Conjurations   | 4 5 6 |  6.4
Fighting       | 1 |  1.3
Translocations | 1 |  1.0
Dodging        | |  1.5
Stealth        | |  1.5

Action                   |  1- 3 |  4- 6 |  7- 9 || total
-------------------------+-------+-------+-------++-------
Melee: Short sword       |    56 |    63 |    10 ||   129
 Cast: Magic Dart        |    35 |    63 |    12 ||   110
       Searing Ray       |     6 |    17 |     9 ||    32
  Use: Scroll            |       |     3 |       ||     3
Armor: Robe              |    21 |    18 |     1 ||    40
Dodge: Dodged            |    45 |    60 |     8 ||   113

Table legend:
 A = Non-vault XP
 B = Vault XP
 C = Vault XP percentage of total XP
 D = Non-vault monster count
 E = Vault monster count
 F = Vault count percentage of total count
                 A         B        C        D         E       F
            +---------+---------+-------+---------+---------+-------
      Total |     814 |     260 |  24.2 |      79 |      20 |  20.2
            +---------+---------+-------+---------+---------+-------
        D:1 |      54 |       0 |   0.0 |      24 |       0 |   0.0
        D:2 |      78 |       4 |   4.9 |      17 |       2 |  10.5
        D:3 |      34 |     137 |  80.1 |      14 |      12 |  46.2
        D:4 |     310 |       0 |   0.0 |      13 |       0 |   0.0
        D:5 |     338 |       0 |   0.0 |      11 |       0 |   0.0
      Sewer |       0 |     119 | 100.0 |       0 |       6 | 100.0
            +---------+---------+-------+---------+---------+-------
